 Dungeon Sprint DCSS version 0.26-a0-649-gf8c6c3aab7 (webtiles) character file.

Game seed: 8997669937635447138

3441 sahdkjhfkaj the Grappler (level 9, -9/98 HPs)
             Began as a Troll Monk on Sept 27, 2020.
             Was an Initiate of Gozag.
             Mangled by Harold
             ... wielding a +1 dire flail of distortion
              (24 damage)
             ... in the Dungeon (Sprint III: "The Ten Rune Challenge").
             The game lasted 00:04:09 (1193 turns).

sahdkjhfkaj the Grappler (Troll Monk)               Turns: 1193, Time: 00:04:10

Health: -9/98      AC:  6    Str: 24    XL:     9   Next: 77%
Magic:  8/8        EV: 14    Int:  6    God:    Gozag
Gold:   1250       SH:  0    Dex: 12    Spells: 8/8 levels left

rFire    . . .     SeeInvis .     - Unarmed
rCold    . . .     Faith    .   (no shield)
rNeg     . . .     Spirit   .   a - +0 robe
rPois    .         Reflect  .   (helmet restricted)
rElec    .         Harm     .   (no cloak)
rCorr    .         Rampage  .   (gloves unavailable)
MR       .....     NoTele   +   (boots unavailable)
Stlth    ++........             (no amulet)
HPRegen  0.66/turn              (no ring)
MPRegen  0.11/turn              (no ring)

@: brilliant, lethally poisoned (-9 -> -14), hasted and slowed
A: large, unfitting armour, claws 3, regeneration 1, shaggy fur 1, tough skin 3
a: Potion Petition, Call Merchant, Bribe Branch, Renounce Religion


You were in the Dungeon.
You worshipped Gozag.
Gozag was most pleased with you.
You visited 1 branch You collected 1250 gold pieces.

Inventory:

Missiles
 b - a throwing net (quivered)
Armour
 a - a +0 robe (worn)
Scrolls
 g - a scroll of blinking
 i - a scroll of holy word {unknown}
 j - 2 scrolls of identify {unknown}
 k - a scroll of remove curse {unknown}
 m - a scroll of immolation {unknown}
 n - a scroll of enchant weapon {unknown}
Potions
 e - 2 potions of magic
 l - 6 potions of mutation
 o - 2 potions of flight
Miscellaneous
 f - a lightning rod (4/4)


   Skills:
 + Level 9.3 Fighting
 + Level 9.3 Armour
 + Level 9.3 Dodging
 - Level 1.0 Stealth
 * Level 13.3 Unarmed Combat


You had 8 spell levels left.
You didn't know any spells.
Your spell library contained the following spells:

 Spells                   Type           Power        Failure   Level
 Animate Skeleton         Necr           #.....       45%         1
 Apportation              Tloc           #.....       45%         1
 Corona                   Hex            #......      45%         1
 Summon Small Mammal      Summ           #...         45%         1


Dungeon Overview and Level Annotations

Branches:
Dungeon (1/1)

Altars:
Cheibriados
Dithmenos
Elyvilon
Fedhas
Gozag
Hepliaklqana
Kikubaaqudgha
Makhleb
Nemelex Xobeh
Okawaru
Qazlal
Ru
Sif Muna
Trog
Uskayaw
Vehumet
Wu Jian
Xom
Yredelemnul
Zin
The Shining One
Beogh
Jiyva
Lugonu

Annotations:
D Harold, Joseph


Innate Abilities, Weirdness & Mutations

You are too large for most types of armour.
You have claws for hands.
Your natural rate of healing is unusually fast.
You are covered in fur. (AC +1)
You have extremely tough skin. (AC +3)


Message History

You feel sick.
Harold points at you and mumbles some strange words.
You feel as though you will be slow longer.
Unknown command.
You feel yourself speed up.
You feel very sick.
Joseph struggles against the net.
The net rips apart, and Joseph comes free!
Harold hits you with a +1 dire flail of distortion!
* * * LOW HITPOINT WARNING * * *
Joseph barely misses you.
Unknown command.
Unknown command.
Unknown command.
It was a potion of brilliance.
You feel clever all of a sudden.
You feel sick.
Harold hits you with a +1 dire flail of distortion!!
You die...
Your body crumbles into a pile of gold.

##.#..#.##)###)#......#
'##.#.#.##.#..##......#
#.).#..#..##..'.......#
▓▓▓▓▓▓▓▓▓▓▓▓▓▓#.......#
........≈≈≈...#(......#
≈≈≈≈≈≈≈≈≈≈♣♣P.'.......#
♣♣♣♣♣♣♣♣♣♣♣♣PP#.(.....#
♣♣♣##'###### #.@.+
$$#.@@# $$#(..# #####


You could see Harold and Joseph.

Vanquished Creatures
  Erolcha (D)
  A deep elf mage (D)
  2 redbacks (D)
  A shadow (D)
  A spatial vortex (D)
  A necrophage (D)
  5 two-headed ogres (D)
  A water elemental (D)
  A scorpion (D)
  A jelly (D)
  A wizard (D)
  Jessica (D)
  A necromancer (D)
  3 humans (D)
  A kobold demonologist (D)
  3 wandering mushrooms (D)
  An ooze (D)
  2 rats (D)
28 creatures vanquished.

Vanquished Creatures (others)
  A plant (D)
1 creature vanquished.

Grand Total: 29 creatures vanquished

Notes
Turn   | Place    | Note
-------+----------+-------------------------------------------
     0 | D        | sahdkjhfkaj the Troll Monk began the quest for the Orb.
     0 | D        | Reached XP level 1. HP: 22/22 MP: 0/0
     4 | D        | Reached skill level 4 in Unarmed Combat
    11 | D        | Noticed Jessica
    15 | D        | Killed Jessica
    15 | D        | Reached skill level 5 in Unarmed Combat
    15 | D        | Reached XP level 2. HP: 33/33 MP: 1/1
    15 | D        | Reached XP level 3. HP: 40/40 MP: 2/2
    50 | D        | Reached skill level 5 in Fighting
    50 | D        | Reached skill level 1 in Armour
    71 | D        | Noticed a scorpion
    82 | D        | Killed a scorpion
    82 | D        | Reached XP level 4. HP: 47/50 MP: 3/3
   124 | D        | Noticed a water elemental
   129 | D        | Killed a water elemental
   129 | D        | Reached skill level 5 in Dodging
   129 | D        | Reached XP level 5. HP: 57/57 MP: 4/4
   187 | D        | Found a radiant altar of Vehumet.
   192 | D        | Reached skill level 5 in Armour
   198 | D        | Found a shimmering blue altar of Sif Muna.
   198 | D        | Found an ancient bone altar of Kikubaaqudgha.
   209 | D        | Found a glowing silver altar of Zin.
   210 | D        | Found a glowing golden altar of the Shining One.
   210 | D        | Found a white marble altar of Elyvilon.
   210 | D        | Noticed a deep elf mage
   219 | D        | Noticed a demonic crawler
   219 | D        | Noticed a redback
   222 | D        | Killed a deep elf mage
   222 | D        | Reached skill level 8 in Unarmed Combat
   222 | D        | Reached XP level 6. HP: 14/68 MP: 5/5
   222 | D        | Reached XP level 7. HP: 16/76 MP: 6/6
   322 | D        | Found a hide-covered altar of Uskayaw.
   322 | D        | Found a roughly hewn altar of Beogh.
   322 | D        | Found an iron altar of Okawaru.
   322 | D        | Found a bloodstained altar of Trog.
   322 | D        | Found an ornate altar of the Wu Jian Council.
   322 | D        | Noticed a human
   322 | D        | Noticed a human
   339 | D        | Killed a human
   339 | D        | Reached skill level 9 in Unarmed Combat
   346 | D        | Killed a human
   436 | D        | Found a basalt altar of Yredelemnul.
   436 | D        | Found a shadowy altar of Dithmenos.
   436 | D        | Found a sacrificial altar of Ru.
   444 | D        | Reached skill level 10 in Unarmed Combat
   510 | D        | Noticed a shadow
   530 | D        | Killed a shadow
   530 | D        | Reached XP level 8. HP: 61/87 MP: 7/7
   537 | D        | Found a blossoming altar of Fedhas.
   537 | D        | Found a stormy altar of Qazlal.
   537 | D        | Found a snail-covered altar of Cheibriados.
   537 | D        | Found a burning altar of Makhleb.
   537 | D        | Found a shimmering altar of Xom.
   540 | D        | Found a hazy altar of Hepliaklqana.
   540 | D        | Found an opulent altar of Gozag.
   540 | D        | Found a sparkling altar of Nemelex Xobeh.
   540 | D        | Found a corrupted altar of Lugonu.
   540 | D        | Found a viscous altar of Jiyva.
   574 | D        | Became a worshipper of Gozag Ym Sagoz the Greedy
   574 | D        | Found the +0 staff of Battle
   605 | D        | Reached skill level 11 in Unarmed Combat
   648 | D        | Noticed a two-headed ogre
   652 | D        | Killed a two-headed ogre
   658 | D        | Noticed a two-headed ogre
   658 | D        | Noticed Erolcha
   662 | D        | Paralysed by Erolcha for 4 turns
   673 | D        | Killed a two-headed ogre
   673 | D        | Reached XP level 9. HP: 26/97 MP: 8/8
   678 | D        | HP: 3/97 [Erolcha/+0 giant club (5)]
   679 | D        | Killed Erolcha
   679 | D        | Reached skill level 12 in Unarmed Combat
   854 | D        | Reached skill level 13 in Unarmed Combat
   982 | D        | Noticed a wandering mushroom
   986 | D        | Noticed a wandering mushroom
   988 | D        | Noticed a wandering mushroom
  1013 | D        | Killed a wandering mushroom
  1018 | D        | Killed a wandering mushroom
  1183 | D        | Noticed Harold
  1183 | D        | Noticed Joseph
  1193 | D        | Mangled by Harold

Illustrated notes

Levels and vault maps discovered:
D:        dungeon_sprint_mu [sprint_mu_entry_forest, sprint_mu_temple_rooms,
          sprint_mu_d1_spiders, sprint_mu_d2_genie, sprint_mu_d3_branching,
          sprint_mu_orc_legion, sprint_mu_elf_gauntlet, sprint_mu_hive_nellie,
          sprint_mu_lair_fedhas, sprint_mu_vaults_butterflies,
          sprint_mu_slime_circle, sprint_mu_swamp_cave, sprint_mu_shoals_archi,
          sprint_mu_blade_basic, sprint_mu_crypt_chambers,
          sprint_mu_tomb_spiral, sprint_mu_vestibule_basic,
          sprint_mu_gehenna_hellfire, sprint_mu_dis_giant,
          sprint_mu_tartarus_statrot, sprint_mu_cocytus_islands, sprint_mu_zot1]

Skill      XL: |  1  2  3  4  5  6  7  8  9 |
---------------+----------------------------+-----
Unarmed Combat | 5 8 10 11 13 | 13.3
Fighting       | 4 5 6 7 8 9 |  9.3
Armour         | 3 4 6 7 8 9 |  9.3
Dodging        | 4 5 6 7 8 9 |  9.3
Stealth        | |  1.0

Action                   |  1- 3 |  4- 6 |  7- 9 || total
-------------------------+-------+-------+-------++-------
Melee: Unarmed           |    32 |    25 |    87 ||   144
       Punch             |       |     2 |     8 ||    10
Throw: Throwing net      |       |       |     4 ||     4
  Use: Potion            |       |     1 |     6 ||     7
Armor: Robe              |     9 |     5 |    10 ||    24
Dodge: Dodged            |    12 |    11 |    60 ||    83

Table legend: (Time is in decaauts)
 A = Elapsed time spent in this place.
 B = Non-inter-level travel time spent in this place.
 C = Inter-level travel time spent in this place.
 D = Time resting spent in this place.
 E = Time spent auto-exploring this place.
 F = Levels seen in this place.
 G = Mean time per level.
                   A        B        C        D        E       F      G
               +--------+--------+--------+--------+--------+-----+--------+
         Total |   1184 |   1184 |      0 |    702 |     13 |   1 | 1184.0 |
       Dungeon |   1184 |   1184 |      0 |    702 |     13 |   1 | 1184.0 |
               +--------+--------+--------+--------+--------+-----+--------+

Top non-repeatable levels by time:
       D: 1184 daAuts
